 Dungeon Sprint DCSS version 0.21.2 (webtiles) character file.

527 Fang the Cleaver (level 7, -12/51 HPs)
             Began as a Gargoyle Berserker on Sept 25, 2018.
             Was a High Priest of Trog.
             Mangled by a shadow wraith (22 damage)
             ... in the Dungeon (Sprint VII: "The Pits").
             The game lasted 00:01:08 (742 turns).

Fang the Cleaver (Gargoyle Berserker)                Turns: 742, Time: 00:01:08

Health: -12/51     AC:  7    Str: 23    XL:     7   Next: 23%
Magic:  7/7        EV: 13    Int:  7    God:    Trog [*****.]
Gold:   0          SH:  0    Dex:  9    Spells: 6/6 levels left

rFire    . . .     SeeInvis .   m - +2 hand axe (freeze)
rCold    . . .     Gourm    .   (no shield)
rNeg     + . .     Faith    .   b - +0 animal skin
rPois    ∞         Spirit   .   (no helmet)
rElec    +         Reflect  .   (no cloak)
rCorr    .         Harm     .   (no gloves)
MR       .....     NoTele   +   (no boots)
Stlth    +.........             (no amulet)
HPRegen  0.17/turn              (no ring)
MPRegen  0.10/turn              (no ring)

@: slowed, very slow
A: negative energy resistance 1, electricity resistance, unbreathing,
petrification resistance, rot immunity, AC +4
a: Berserk, Trog's Hand, Brothers in Arms, Burn Spellbooks, Renounce Religion


You were in the Dungeon.
You worshipped Trog.
Trog was extremely pleased with you.
You were not hungry.

You visited 1 branch

Inventory:

Hand Weapons
 j - a +2 hand axe
 m - a +2 hand axe of freezing (weapon)
Armour
 b - a +0 animal skin (worn)
Scrolls
 i - a scroll of blinking
 k - 3 scrolls of remove curse
 l - a scroll of summoning
Potions
 a - 2 potions of invisibility
 d - 6 potions of curing
 e - 6 potions of heal wounds
 f - a potion of haste
 g - 4 potions of magic
 h - 3 potions of berserk rage
Comestibles
 c - 8 rations
 n - 3 chunks of flesh


   Skills:
 + Level 9.6 Fighting
 + Level 10.0 Axes
 + Level 5.3 Armour
 + Level 4.6 Dodging


You had 6 spell levels left.
You didn't know any spells.

Dungeon Overview and Level Annotations

Branches:
Dungeon (1/1)

Altars:
Cheibriados
Dithmenos
Elyvilon
Fedhas
Gozag
Hepliaklqana
Makhleb
Nemelex Xobeh
Okawaru
Qazlal
Ru
Sif Muna
Trog
Vehumet
Wu Jian
Xom
Yredelemnul
Zin
The Shining One
Beogh
Jiyva
Lugonu


Innate Abilities, Weirdness & Mutations

You are resistant to torment.
Your stone body is resilient. (AC +4)
You are immune to poison.
You resist negative energy. (rN+)
You are resistant to electric shocks. (rElec)
You can survive without breathing.
You are immune to petrification.
You are immune to rotting.


Message History

a giant spiked club; an ogre corpse You butcher the ogre corpse.
n - 3 chunks of flesh
There is an open door, spattered with blood here.
You see here a giant spiked club.
You start resting.
HP restored.
You open the door.
You hear a chilling moan.
No target in view!
Deactivating autopickup; reactivate with Ctrl-A.
You barely miss something. You hit something. You freeze something.
Something hits you! Something drains your vigour!
You feel yourself slow down.
You hit something. You freeze something. Something hits you.
You barely miss something. Something hits you but does no damage.
Something hits you!!
* * * LOW HITPOINT WARNING * * *
You hit something. You freeze something. Something hits you!!
You die...

#.#...)))[.##.......#
#'###########.......#
#.......# #########
#..###..# #..)....#
##.###.##+#
#.......#.+
#..###..#{#
#.......)@#
###########


There were no monsters in sight!

Vanquished Creatures
  A hungry ghost (D)
  An ice beast (D)
  A black bear (D)
  An ogre (D)
  Blork the orc (D)
  2 worker ants (D)
  An adder (D)
  An adder skeleton (D)
  A leopard gecko (D)
  A bat skeleton (D)
  2 giant cockroaches (D)
  A hobgoblin (D)
  A goblin (D)
  A leopard gecko skeleton (D)
  A quokka zombie (D)
17 creatures vanquished.

Notes
Turn   | Place    | Note
-------+----------+-------------------------------------------
     0 | D        | Fang the Gargoyle Berserker began the quest for the Orb.
     0 | D        | Reached XP level 1. HP: 14/14 MP: 1/1
    25 | D        | Found a bloodstained altar of Trog.
    25 | D        | Found a deep blue altar of Sif Muna.
    25 | D        | Found a viscous altar of Jiyva.
    25 | D        | Found a hazy altar of Hepliaklqana.
    25 | D        | Found an opulent altar of Gozag.
    26 | D        | Found a glowing golden altar of the Shining One.
    26 | D        | Found a glowing silver altar of Zin.
    26 | D        | Found a basalt altar of Yredelemnul.
    26 | D        | Found a shimmering altar of Xom.
    26 | D        | Found an ornate altar of the Wu Jian Council.
    26 | D        | Found a sacrificial altar of Ru.
    26 | D        | Found a stormy altar of Qazlal.
    26 | D        | Found an iron altar of Okawaru.
    26 | D        | Found a sparkling altar of Nemelex Xobeh.
    26 | D        | Found a burning altar of Makhleb.
    26 | D        | Found a blossoming altar of Fedhas.
    26 | D        | Found a white marble altar of Elyvilon.
    26 | D        | Found a shadowy altar of Dithmenos.
    26 | D        | Found a snail-covered altar of Cheibriados.
    28 | D        | Found a radiant altar of Vehumet.
    28 | D        | Found a corrupted altar of Lugonu.
    28 | D        | Found a roughly hewn altar of Beogh.
    70 | D        | Reached skill level 3 in Axes
    75 | D        | Reached ** piety under Trog
    84 | D        | Noticed a worker ant
    84 | D        | Noticed an ice beast
    90 | D        | Reached XP level 2. HP: 14/20 MP: 2/2
    92 | D        | Reached *** piety under Trog
    92 | D        | Reached skill level 5 in Fighting
    92 | D        | Reached skill level 4 in Axes
    92 | D        | Reached XP level 3. HP: 15/26 MP: 3/3
    94 | D        | Killed an ice beast
    94 | D        | Reached skill level 6 in Axes
    94 | D        | Reached XP level 4. HP: 19/32 MP: 4/4
    94 | D        | Reached XP level 5. HP: 22/37 MP: 5/5
   422 | D        | Noticed a black bear
   426 | D        | Reached **** piety under Trog
   426 | D        | Reached skill level 7 in Axes
   426 | D        | Killed a black bear
   426 | D        | Reached skill level 8 in Axes
   426 | D        | Reached XP level 6. HP: 44/44 MP: 6/6
   427 | D        | Noticed Blork the orc
   429 | D        | Noticed a hungry ghost
   436 | D        | Killed Blork the orc
   458 | D        | Paralysed by fainting for 8 turns
   466 | D        | Killed a hungry ghost
   466 | D        | Reached skill level 9 in Axes
   466 | D        | Reached skill level 5 in Armour
   466 | D        | Reached XP level 7. HP: 28/51 MP: 7/7
   613 | D        | Reached ***** piety under Trog
   620 | D        | Reached skill level 10 in Axes
   742 | D        | Mangled by a shadow wraith

Skill      XL: |  1  2  3  4  5  6  7 |
---------------+----------------------+-----
Axes           | 3 4 6 8 9 10 | 10.0
Fighting       | 4 5 6 8 9 |  9.6
Dodging        | 2 3 4 |  4.6
Armour         | 3 4 5 |  5.3

Action                   |  1- 3 |  4- 6 |  7- 9 || total
-------------------------+-------+-------+-------++-------
Melee: Hand axe          |    22 |    36 |    13 ||    71
Invok: Berserk           |     1 |     1 |       ||     2
  Eat: Chunk             |       |     1 |     1 ||     2
       Ration            |       |     1 |       ||     1
Armor: Animal skin       |     9 |    21 |     5 ||    35
Dodge: Dodged            |    17 |    21 |     9 ||    47
